 Dungeon Crawl Stone Soup version 0.18-a0-1303-g41c131c (webtiles) character file.

89 Ratboiler the Poker (level 4, -5/24 HPs)
             Began as a Deep Elf Wanderer on Feb 12, 2016.
             Killed by divine providence
             ... invoked by an orc priest
              (11 damage)
             ... on level 3 of the Dungeon.
             The game lasted 00:06:15 (3876 turns).

Ratboiler the Poker (Deep Elf Wanderer)             Turns: 3876, Time: 00:06:15

Health: -5/24      AC:  6    Str: 13    XL:     4   Next: 31%
Magic:  8/8        EV:  7    Int: 18    God:
Gold:   127        SH:  8    Dex: 14    Spells: 0 memorised, 6 levels left

rFire  . . .     SeeInvis .     a - +0 spear
rCold  . . .     Gourm    .     p - +0 ring mail
rNeg   . . .     Faith    .     t - +0 shield
rPois  .         Spirit   .     (no helmet)
rElec  .         Dismiss  .     (no cloak)
rCorr  .         Reflect  .     (no gloves)
SustAt .         Harm     .     q - +0 pair of boots
MR     .....                    (no amulet)
Stlth  +.........               (no ring)
                                n - +4 ring of strength (curse)

@: very slightly contaminated, not resistant to hostile enchantments, very
unstealthy
A: no striking features
a: no special abilities


You were on level 3 of the Dungeon.
You were not hungry.

You visited 1 branch of the dungeon, and saw 3 of its levels.

You collected 127 gold pieces.

Inventory:

Hand Weapons
 a - a +0 spear (weapon)
 b - a +3 hunting sling
 c - a +0 blowgun
Missiles
 h - 67 stones (quivered)
 r - 5 poisoned needles
Armour
 d - a +0 robe
 j - a +2 pair of gloves
 p - a +0 ring mail (worn)
 q - a +0 pair of boots (worn)
 t - a +0 shield (worn)
Jewellery
 n - a cursed +4 ring of strength (left hand)
Scrolls
 g - 2 scrolls of fog {unknown}
 i - a scroll of immolation {unknown}
 m - a scroll of enchant armour {unknown}
 o - a scroll of remove curse {unknown}
 s - 4 scrolls of teleportation {unknown}
Potions
 e - a potion of invisibility
 k - a potion of lignification
 l - 2 potions of magic
 u - 2 potions of resistance
Books
 v - Zolisch's Almanac of the Rocks

   Spells                             Type                      Level
   a - Sandblast                      Earth                        1
   b - Stone Arrow                    Conjuration/Earth            3
Comestibles
 f - a bread ration


   Skills:
 + Level 2.6 Polearms
 - Level 1.0 Throwing
 - Level 1.2 Stealth
 + Level 2.4 Shields
 - Level 1.5 Spellcasting
   Level 2.1 Transmutations
   Level 2.1 Earth Magic


You had 6 spell levels left.
You didn't know any spells.

Dungeon Overview and Level Annotations

Branches:
Dungeon (3/15)

Altars:
Zin

Annotations:
D:3 Grinder, Robin


Message History

You can move again.
An orc comes into view. It is wielding a mace.
An orc comes into view. It is wielding a mace.
Found 7 tomahawks.
Grinder gestures.
Grinder blinks!
Found a golden potion.
The adder closely misses you.
You see here a pair of glowing gloves.
j - a pair of glowing gloves The orc shouts!
The adder barely misses you. The adder bites you but does no damage.
An orc priest comes into view. It is wielding a hand axe.
You flicker back into view.
The orc shouts!
The orc priest shouts!
Robin roars a battlecry!
The adder barely misses you.
The orc priest calls down the wrath of Beogh upon you.
Something smites you!
You die...

.## #....g..####. #...
###..gog# #... # ####o##
#... .. ..#.# #... ...
#.#g## #...
....#!#..####+# #..)
............(.. #...
......Sg....... #...
.............s.@.......
#...
S.l..................o.
#...
..g..................o.
#...
.....K5.............o..
#...
.......................
...l...................
...............#####.#.#
........<......# ....
...............#


You could see Robin, 2 orc priests, an adder, 3 orcs, a giant cockroach and 3
goblins.

Vanquished Creatures
  3 adders (D:2)
  2 worms (D:2)
  3 ball pythons
  3 bats (D:1)
  4 giant cockroaches
  9 goblins
  10 hobgoblins
  3 jackals (D:1)
  2 giant newts
  7 kobolds
  5 rats
51 creatures vanquished.

Vanquished Creatures (others)
  4 toadstools (D:1)
4 creatures vanquished.

Grand Total: 55 creatures vanquished

Notes
Turn   | Place    | Note
--------------------------------------------------------------
     0 | D:1      | Ratboiler the Deep Elf Wanderer began the quest for the Orb.
     0 | D:1      | Ratboiler set off with: a +0 shield, a +0 spear, Zolisch's Almanac of the Rocks, a +0 robe, a bread ration
     0 | D:1      | Reached XP level 1. HP: 10/10 MP: 5/5
     0 | D:1      | Identified Zolisch's Almanac of the Rocks
   592 | D:1      | Reached XP level 2. HP: 10/15 MP: 6/6
  1713 | D:2      | Reached XP level 3. HP: 19/19 MP: 7/7
  2168 | D:2      | Found a glowing silver altar of Zin.
  3226 | D:2      | Reached XP level 4. HP: 21/24 MP: 8/8
  3513 | D:3      | Noticed Grinder
  3849 | D:3      | Noticed Robin
  3866 | D:3      | Paralysed by Grinder for 5 turns
  3876 | D:3      | Killed from afar by an orc priest

Vault maps used:
D:1:      ldierk_water_garden, minmay_statues_item
D:2:      lemuel_coloured_pillars_altar
D:3:      uniq_grinder, uniq_robin, uniq_terence

Action                   |  1- 3 |  4- 6 || total
-------------------------+-------+-------++-------
Melee: Spear             |   191 |    63 ||   254
  Use: Scroll            |     3 |     1 ||     4
       Potion            |       |     1 ||     1
 Stab: Sleeping          |     4 |     1 ||     5
  Eat: Meat ration       |     1 |       ||     1
       Chunk             |     1 |     2 ||     3
       Pizza             |     1 |       ||     1
